 Dungeon Crawl Stone Soup version 0.26-a0-597-gb535b0901c (webtiles) character file.

Game seed: 15442244693496820516

269 Descartes the Sneak (level 6, -1/42 HPs)
             Began as an Octopode Brigand on Aug 26, 2020.
             Slain by an ogre
             ... wielding a +0 giant spiked club
              (16 damage)
             ... on level 4 of the Dungeon.
             The game lasted 00:04:48 (3929 turns).

Descartes the Sneak (Octopode Brigand)              Turns: 3929, Time: 00:04:49

Health: -1/42      AC:  1    Str: 10    XL:     6   Next: 22%
Magic:  6/6        EV: 11    Int: 21    God:
Gold:   161        SH:  7    Dex: 14    Spells: 5/5 levels left

rFire    . . .     SeeInvis .   n - +1 dagger (flame)
rCold    . . .     Faith    .   v - +0 kite shield
rNeg     . . .     Spirit   .   (helmet restricted)
rPois    +         Reflect  .   (no amulet)
rElec    .         Harm     .   p - ring of poison resistance
rCorr    .                      B - +6 ring of intelligence
MR       .....                  C - ring of wizardry
Stlth    ++++......             (no ring)
HPRegen  0.14/turn              (no ring)
MPRegen  0.10/turn              (no ring)
                                (no ring)
                                (no ring)

@: no status effects
A: almost no armour, stealthy swim, amphibious, 8 rings, constrict 8, camouflage
1, gelatinous body 1
a: no special abilities


You were on level 4 of the Dungeon.
You visited 1 branch of the dungeon, and saw 4 of its levels.

You collected 161 gold pieces.

Inventory:

Hand Weapons
 a - a +2 dagger
 h - a +0 hunting sling
 n - a +1 dagger of flaming (weapon)
Missiles
 b - 8 poisoned darts (quivered)
 c - 2 curare-tipped darts
 e - 59 bolts
 f - 6 boomerangs
 i - 205 stones
 l - 39 arrows
 o - 27 sling bullets
 w - 7 atropa-tipped darts
Armour
 v - a +0 kite shield (worn)
Jewellery
 p - a ring of poison resistance (left tentacle)
 B - a +6 ring of intelligence (right tentacle)
 C - a ring of wizardry (on tentacle)
 G - an uncursed amulet of the acrobat {unknown}
Wands
 j - a wand of random effects (27)
 A - a wand of polymorph (11)
Scrolls
 m - a scroll of blinking
 u - 3 scrolls of enchant armour {unknown}
 x - a scroll of random uselessness {unknown}
 y - a scroll of magic mapping
 z - 2 scrolls of amnesia {unknown}
 D - 3 scrolls of remove curse
 E - a scroll of teleportation {unknown}
 F - a scroll of identify
 H - a scroll of enchant weapon {unknown}
Potions
 d - a potion of heal wounds
 g - 2 potions of haste
 k - a potion of mutation {unknown}
 q - 3 potions of curing {unknown}
 r - a potion of brilliance
 s - 2 potions of ambrosia {unknown}
 t - a potion of invisibility {unknown}


   Skills:
 + Level 3.4 Fighting
 + Level 3.3 Short Blades
 + Level 3.4 Throwing
 + Level 2.9 Dodging
 - Level 5.3 Stealth
 + Level 1.4 Shields


You had 5 spell levels left.
You didn't know any spells.
Your spell library contained the following spells:

 Spells                   Type           Power        Failure   Level
 Summon Small Mammal      Summ           #...         38%         1
 Call Imp                 Summ           #.......     50%         2
 Call Canine Familiar     Summ           #.......     73%         3
 Summon Guardian Golem    Hex/Summ       #.......     73%         3
 Summon Ice Beast         Ice/Summ       #.......     98%         4
 Summon Lightning Spire   Summ/Air       #.......     98%         4


Dungeon Overview and Level Annotations

Branches:
Dungeon (4/15)
 Temple: D:4-7

Altars:
Dithmenos
Hepliaklqana
Uskayaw
Vehumet


Innate Abilities, Weirdness & Mutations

You cannot wear most types of armour.
You are very stealthy in the water. (Stealth+)
You are amphibious.
You can wear up to eight rings at the same time.
You can use your tentacles to constrict eight enemies at once.
Your skin changes colour to match your surroundings (Stealth+).
Your rubbery body absorbs attacks. (AC +1, EV +1)


Message History

There is a stone staircase leading down here.
There is a stone staircase leading up here.
Done exploring.
Done exploring.
An ogre is nearby!
You can't go down here!
The ogre hits you with a +0 giant spiked club!!
Ouch! That really hurt!
You are too injured to fight recklessly!
You are too injured to fight recklessly!
You are too injured to fight recklessly!
You are too injured to fight recklessly!
You are too injured to fight recklessly!
You are too injured to fight recklessly!
You hit the ogre but do no damage. You squeeze the ogre.
The ogre is lightly wounded.
You hit the ogre. You burn the ogre. You squeeze the ogre!
The ogre is severely wounded.
The ogre hits you with a +0 giant spiked club!
You die...

.......##..........#####.........
........#####.####.# ##.<......
...[.....####.####.# #.O......
...........##...##.## #........
.......#............#####........
........#.........#...#......###.
..._8_.....................### #.
.......##...................# #.
...........[....@O..........# #.
.....#.##...................# #.
##.....##..................## #.
#..####........#......#....# #.
..## #...............####.## #.
### ###.#....#..#####.## ##.####.
#...#....####8##⌠.⌠##8##.##..
##.#.#....###...##.##...##....
#..#.#....##_..........._#....


You could see an ogre.

Vanquished Creatures
  A scorpion (D:4)
  Jessica (D:2)
  An iguana (D:4)
  2 worker ants
  Robin (D:2)
  3 adders
  2 oozes
  A worm (D:3)
  3 leopard geckos
  2 orcs (D:3)
  2 ball pythons
  15 goblins
  7 hobgoblins
  4 jackals (D:1)
  A quokka (D:3)
  6 bats
  3 frilled lizards
  A jackal skeleton (D:4)
  7 kobolds
  11 rats
74 creatures vanquished.

Notes
Turn   | Place    | Note
-------+----------+-------------------------------------------
     0 | D:1      | Descartes the Octopode Brigand began the quest for the Orb.
     0 | D:1      | Reached XP level 1. HP: 14/14 MP: 1/1
   346 | D:1      | Reached XP level 2. HP: 19/19 MP: 2/2
   986 | D:2      | Reached XP level 3. HP: 24/25 MP: 3/3
  1024 | D:2      | Noticed Jessica
  1030 | D:2      | Killed Jessica
  1042 | D:2      | Noticed Robin
  1368 | D:2      | Reached XP level 4. HP: 30/30 MP: 4/4
  1387 | D:2      | Killed Robin
  2315 | D:3      | Reached XP level 5. HP: 36/36 MP: 5/5
  2927 | D:4      | Reached skill level 1 in Shields
  2931 | D:4      | Found a radiant altar of Vehumet.
  2931 | D:4      | Found a hazy altar of Hepliaklqana.
  2933 | D:4      | HP: 1/36 [scorpion (3)]
  2939 | D:4      | Reached XP level 6. HP: 7/42 MP: 6/6
  3422 | D:4      | Found a shadowy altar of Dithmenos.
  3422 | D:4      | Found a hide-covered altar of Uskayaw.
  3929 | D:4      | Slain by an ogre

Illustrated notes

Levels and vault maps discovered:
D:1:      psy_arrival_whirlpool, layout_rooms, minivault_11, minmay_misc_feat_x
D:2:      layout_basic, kennysheep_generic_room_3, uniq_robin, uniq_jessica
D:3:      layout_loops_ring
D:4:      layout_rooms, amethyst_overflow_temple_binary,
          chequers_temple_overflow_statue_of_worship

Skill      XL: |  1  2  3  4  5 |
---------------+----------------+-----
Dodging        | 2 |  2.9
Throwing       | 3 |  3.4
Fighting       | 3 |  3.4
Short Blades   | 3 |  3.3
Shields        | 1 |  1.4
Stealth        | |  5.3

Action                   |  1- 3 |  4- 6 || total
-------------------------+-------+-------++-------
Melee: Dagger            |    33 |    96 ||   129
       Constrict         |    13 |    14 ||    27
       Tentacles         |    10 |    15 ||    25
       Short sword       |    16 |       ||    16
  Use: Scroll            |     6 |     1 ||     7
       Potion            |       |     1 ||     1
 Stab: Sleeping          |     9 |    15 ||    24
       Distracted        |       |     1 ||     1
Armor: Skin              |       |     3 ||     3
Dodge: Dodged            |    36 |    38 ||    74
Block: Kite shield       |       |     8 ||     8

Table legend: (Time is in decaauts)
 A = Elapsed time spent in this place.
 B = Non-inter-level travel time spent in this place.
 C = Inter-level travel time spent in this place.
 D = Time resting spent in this place.
 E = Time spent auto-exploring this place.
 F = Levels seen in this place.
 G = Mean time per level.
                   A        B        C        D        E       F      G
               +--------+--------+--------+--------+--------+-----+--------+
         Total |   3914 |   3787 |    127 |      0 |   3259 |   4 |  978.5 |
       Dungeon |   3914 |   3787 |    127 |      0 |   3259 |   4 |  978.5 |
               +--------+--------+--------+--------+--------+-----+--------+

Top non-repeatable levels by time:
     D:1: 1198 daAuts
     D:3: 1157 daAuts
     D:2: 1007 daAuts
     D:4: 551 daAuts
